 Dungeon Crawl Stone Soup version 0.22-a0-348-gd16d1391c7 (webtiles) character file.

23127 Dargar the Impaler (level 12, -4/94 HPs)
             Began as a Pale Draconian Monk on Apr 9, 2018.
             Was a Priest of Qazlal.
             Shot with an arrow by a centaur (11 damage)
             ... on level 3 of the Lair of Beasts.
             The game lasted 00:55:01 (16874 turns).

Dargar the Impaler (Pale Draconian Monk)           Turns: 16874, Time: 00:55:02

Health: -4/94      AC: 14    Str: 15    XL:     12   Next: 69%
Magic:  19/19      EV: 23    Int: 19    God:    Qazlal [***...]
Gold:   500        SH:  4    Dex: 18    Spells: 11/11 levels left

rFire    . . .     SeeInvis +   u - +2 trident (venom)
rCold    . . .     Gourm    .   (no shield)
rNeg     . . .     Faith    .   (armour unavailable)
rPois    +         Spirit   .   G - +0 hat {MR+}
rElec    .         Reflect  .   x - +1 cloak {MR+}
rCorr    .         Harm     .   q - +0 pair of gloves
MR       ++...                  e - +0 pair of boots
Stlth    ++........             (no amulet)
HPRegen  0.25/turn              A - ring "Iletiuju" {EV+3 Int+7 SInv}
MPRegen  0.16/turn              d - +2 ring of protection

@: short of breath
A: breathe steam, unfitting armour, stinger 1, poison resistance, strong 1,
cold-blooded, MP-powered wands, AC +8
a: Breathe Steam, Upheaval, Elemental Force, Renounce Religion


You were on level 3 of the Lair of Beasts.
You worshipped Qazlal.
Qazlal was most pleased with you.
You were not hungry.

You visited 3 branches of the dungeon, and saw 13 of its levels.

You collected 724 gold pieces.
You spent 224 gold pieces at shops.

Inventory:

Hand Weapons
 a - a +1 spear
 h - a +0 blowgun
 u - a +2 trident of venom (weapon)
Missiles
 g - 25 poisoned needles
 w - 3 throwing nets (quivered)
 F - 5 tomahawks of returning
Armour
 e - a +0 pair of boots (worn)
 q - a +0 pair of gloves (worn)
 x - a +1 cloak of magic resistance (worn)
 G - a +0 hat of magic resistance (worn)
Jewellery
 c - an uncursed ring of protection from magic
 d - a +2 ring of protection (right hand)
 A - the ring "Iletiuju" (left hand) {EV+3 Int+7 SInv}
   (You took it off a gnoll on level 6 of the Dungeon)

   [ring of evasion]

   It affects your evasion (+3).
   It affects your intelligence (+7).
   It lets you see invisible.
 I - an uncursed ring of protection from magic
 K - an uncursed ring of ice
Wands
 j - a wand of paralysis (18)
 n - a wand of flame (32)
 t - a wand of random effects (19)
 y - a wand of iceblast (5)
 D - a wand of clouds (2)
 E - a wand of scattershot (7)
Scrolls
 f - a scroll of fog
 i - 2 scrolls of fear
 k - 11 scrolls of remove curse
 m - 2 scrolls of noise
 p - 4 scrolls of amnesia
 s - 3 scrolls of magic mapping
 H - 2 scrolls of identify
 L - 2 scrolls of teleportation
Potions
 l - 4 potions of curing
 r - 3 potions of might
 v - a potion of resistance
 z - a potion of cancellation
 B - a potion of haste
 C - a potion of ambrosia
 J - 2 potions of magic
Comestibles
 b - 9 rations
 o - 5 chunks of flesh


   Skills:
 - Level 5.1 Fighting
 + Level 15.1 Polearms
 + Level 10.7 Dodging
 - Level 2.3 Stealth
 * Level 9.8 Invocations
 - Level 1.0 Evocations


You had 11 spell levels left.
You didn't know any spells.

Dungeon Overview and Level Annotations

Branches:
Dungeon (9/15)             Temple (1/1) D:4            Lair (3/6) D:9
  Snake (0/4) Lair:3
  Swamp: Lair:2-4    Shoals: Lair:2-4       Orc: D:9-12

Altars:
Ashenzari
Cheibriados
Dithmenos
Elyvilon
Fedhas
Gozag
Hepliaklqana
Kikubaaqudgha
Makhleb
Nemelex Xobeh
Okawaru
Qazlal
Ru
Sif Muna
Trog
Uskayaw
Vehumet
Wu Jian
Xom
Yredelemnul
Zin
The Shining One

Shops:
D:4 [   D:6 }   D:7 =

Annotations:
Lair:2 exclusion: 4 oklob plants


Innate Abilities, Weirdness & Mutations

You can breathe blasts of scalding, opaque steam.
Your pale cyan-grey scales are hard. (AC +8)
You cannot fit into any form of body armour.
You are cold-blooded and may be slowed by cold attacks.
Your tail ends in a poisonous barb.
Your system is resistant to poisons. (rPois)
Your muscles are strong. (Str +2)
You expend magic power (3 MP) to strengthen your wands.


Message History

* * * LOW HITPOINT WARNING * * *
You have got your breath back.
The centaur shoots an arrow.
The arrow hits you!
* * * LOW HITPOINT WARNING * * *
You see here an arrow.
The centaur shoots an arrow.
The arrow hits you.
* * * LOW HITPOINT WARNING * * *
Press: ? - help, Shift-Dir - straight line, f/p - death yak
Aim: a death yak (moderately wounded)
You exhale a blast of scalding steam.
The ball of steam hits the death yak.
The death yak is moderately wounded.
The ball of steam hits the centaur.
The centaur is severely wounded.
You feel somewhat more hungry.
The centaur is engulfed in a cloud of scalding steam.
The centaur shoots an arrow.
The arrow misses you.
The death yak is engulfed in a cloud of scalding steam.
The death yak barely misses you.
The centaur shoots an arrow.
The arrow hits you!
You die...

.#.##.##P....................†.#
.########.)..##..####.##......##
........#...###### #.......#
............# #.#### ###.....##
............####....####P......#
...##.##.N..........(.........##
..##...##...(.t...............#
..#.....#...§§§...............#
.##.....##..§.Y.@.............#
.#..###..#..§§c...............#
.#.....†.#....................#
.#...>...#............#..#....##
.#.......#.....#.....#####....P#
.#..###..#....####....####.....#
.##.....##...## ...###......##
..#.....#.....# ...# #.#.....#
..##...##..#### ###....##


You could see a death yak, a crocodile, a naga and a centaur.

Vanquished Creatures
  Gastronok (D:8)
  Fannar (Lair:2)
  2 hydras
  2 two-headed ogres (D:8)
  2 catoblepae
  2 death yaks (Lair:3)
  Pikel (D:6)
  An oklob plant (D:6)
  The ghost of Kriby the Covered, a novice GrFi (D:6)
  A black mamba (Lair:2)
  Joseph (D:9)
  5 spiny frogs
  3 rime drakes
  3 komodo dragons
  A polar bear (Lair:2)
  The ghost of Sassnad the Chopper, an amateur FoFi of Qazlal (D:4)
  Prince Ribbit (D:7)
  3 hippogriffs
  A wyvern (D:9)
  15 yaks
  A hungry ghost (D:7)
  3 hogs (D:7)
  A human (D:7)
  Menkaure (D:5)
  A steam dragon (Lair:2)
  Edmund (D:6)
  5 nagas
  5 water moccasins
  7 porcupines
  3 black bears (D:8)
  2 slaves (D:6)
  4 orc warriors
  2 phantoms
  3 ogres
  A wolf (D:9)
  4 centaurs
  11 crocodiles
  5 bullfrogs
  A gnoll sergeant (D:8)
  3 scorpions
  4 killer bees (D:7)
  4 wights (D:8)
  3 howler monkeys
  The ghost of runewalsh the Magician, a weakling OpWn (D:3)
  A bullfrog zombie (D:3)
  3 crimson imps
  2 gnoll shamans (D:6)
  5 hounds
  7 jellies
  A centaur skeleton (D:5)
  4 orc priests
  Crazy Yiuf (D:5)
  4 iguanas
  Ijyb (D:5)
  5 worker ants
  2 orc wizards
  A killer bee zombie (D:9)
  Robin (D:2)
  2 worker ant zombies
  13 gnolls
  9 adders
  A shadow imp (D:5)
  16 oozes
  2 worms (D:4)
  A dart slug (D:3)
  2 leopard geckos
  33 orcs
  10 bats
  4 giant cockroaches
  15 goblins
  8 hobgoblins
  9 jackals
  4 kobolds
  2 quokkas (D:4)
  2 ball pythons
  8 frilled lizards
  A leopard gecko skeleton (D:4)
  5 rats
  2 butterflies (D:8)
  4 fungi
  A plant (Lair:2)
316 creatures vanquished.

Vanquished Creatures (others)
  A fungus (D:6)
1 creature vanquished.

Grand Total: 317 creatures vanquished

Notes
Turn   | Place    | Note
-------+----------+-------------------------------------------
     0 | D:1      | Dargar the Draconian Monk began the quest for the Orb.
     0 | D:1      | Reached XP level 1. HP: 19/19 MP: 1/1
   302 | D:1      | Reached XP level 2. HP: 22/26 MP: 2/2
   749 | D:1      | Reached XP level 3. HP: 26/33 MP: 3/3
  1761 | D:2      | Noticed Robin
  1769 | D:2      | Killed Robin
  1769 | D:2      | Reached XP level 4. HP: 38/40 MP: 4/4
  1989 | D:3      | Noticed runewalsh's ghost (weakling OpWn)
  2003 | D:3      | Killed runewalsh's ghost
  2003 | D:3      | Reached skill level 4 in Polearms
  2105 | D:3      | Reached XP level 5. HP: 31/46 MP: 5/5
  2439 | D:3      | Reached skill level 5 in Polearms
  2448 | D:3      | Paralysed by an orc for 2 turns
  2810 | D:3      | Reached XP level 6. HP: 53/53 MP: 6/6
  3055 | D:3      | Found a white marble altar of Elyvilon.
  3184 | D:4      | Found an ornate altar of the Wu Jian Council.
  3222 | D:4      | Noticed Sassnad's ghost (amateur FoFi)
  3986 | D:4      | Reached skill level 6 in Polearms
  4023 | D:4      | Found Zaseum's Armour Boutique.
  4276 | D:4      | Found a bloodstained altar of Trog.
  4296 | D:4      | Found a staircase to the Ecumenical Temple.
  4304 | Temple   | Entered the Ecumenical Temple
  4312 | Temple   | Became a worshipper of Qazlal Stormbringer
  4312 | Temple   | Reached * piety under Qazlal
  4312 | Temple   | Reached ** piety under Qazlal
  4586 | D:4      | Killed Sassnad's ghost
  4586 | D:4      | Reached skill level 5 in Fighting
  4586 | D:4      | Reached skill level 1 in Invocations
  4586 | D:4      | Your scales start taking on a pale cyan-grey colour.
  4586 | D:4      | Reached XP level 7. HP: 59/61 MP: 7/7
  4947 | D:5      | Entered Level 5 of the Dungeon
  5037 | D:5      | Found a snail-covered altar of Cheibriados.
  5178 | D:5      | Found a blossoming altar of Fedhas.
  5204 | D:5      | Found a runed door.
  5230 | D:5      | Noticed Ijyb
  5238 | D:5      | Killed Ijyb
  5259 | D:5      | Noticed Crazy Yiuf
  5261 | D:5      | Killed Crazy Yiuf
  5327 | D:5      | Noticed Menkaure
  5335 | D:5      | Killed Menkaure
  5335 | D:5      | Reached skill level 7 in Polearms
  5564 | D:5      | Found a basalt altar of Yredelemnul.
  5584 | D:5      | Found a glowing golden altar of the Shining One.
  5586 | D:5      | Noticed an angel
  6002 | D:5      | Noticed a profane servitor
  6152 | D:6      | Found Otipn's Gadget Shoppe.
  6161 | D:6      | Reached XP level 8. HP: 62/68 MP: 8/10
  6228 | D:6      | Bought a wand of iceblast (12) for 224 gold pieces
  6286 | D:6      | Noticed an oklob plant
  6295 | D:6      | Reached skill level 5 in Dodging
  6302 | D:6      | Reached skill level 8 in Polearms
  6660 | D:6      | Got a scintillating bronze ring
  6674 | D:6      | Noticed Kriby's ghost (novice GrFi)
  6699 | D:6      | Killed Kriby's ghost
  6699 | D:6      | Reached skill level 9 in Polearms
  7665 | D:6      | Noticed Edmund
  7685 | D:6      | Killed Edmund
  7685 | D:6      | Reached XP level 9. HP: 70/74 MP: 12/12
  7712 | D:6      | Identified the ring "Iletiuju" {EV+3 Int+7 SInv} (You took it off a gnoll on level 6 of the Dungeon)
  7743 | D:6      | Noticed Pikel
  7766 | D:6      | Killed Pikel
  7819 | D:6      | Found a sacrificial altar of Ru.
  8191 | D:6      | Killed an oklob plant
  8191 | D:6      | Reached skill level 10 in Polearms
  8191 | D:6      | Reached skill level 5 in Invocations
  8401 | D:7      | Found Ysuweng's Jewellery Shop.
  8409 | D:7      | Noticed Prince Ribbit
  9038 | D:7      | Found a deep blue altar of Sif Muna.
  9110 | D:7      | Killed Prince Ribbit
  9110 | D:7      | Reached skill level 11 in Polearms
  9115 | D:7      | Reached XP level 10. HP: 48/81 MP: 14/14
  9482 | D:8      | Noticed a two-headed ogre
  9500 | D:8      | Killed a two-headed ogre
  9500 | D:8      | Reached *** piety under Qazlal
  9619 | D:8      | Noticed a two-headed ogre
  9633 | D:8      | Killed a two-headed ogre
  9633 | D:8      | Reached skill level 12 in Polearms
  9877 | D:8      | Gained mutation: Your muscles are strong. (Str +2) [potion of mutation]
  9877 | D:8      | Gained mutation: Your tail ends in a poisonous barb. [potion of mutation]
  9877 | D:8      | Gained mutation: Your system is resistant to poisons. (rPois) [potion of mutation]
  9877 | D:8      | Gained mutation: You expend magic power (3 MP) to strengthen your wands. [potion of mutation]
 10635 | D:8      | Found a shimmering altar of Xom.
 10849 | D:8      | Noticed Gastronok
 10852 | D:8      | Found a sparkling altar of Nemelex Xobeh.
 10866 | D:8      | Killed Gastronok
 10866 | D:8      | Reached XP level 11. HP: 86/86 MP: 4/16
 11012 | D:8      | Found a shadowy altar of Dithmenos.
 11387 | D:9      | Reached skill level 13 in Polearms
 12282 | D:9      | Found an iron altar of Okawaru.
 12422 | D:9      | Found a staircase to the Lair.
 12436 | D:9      | Reached **** piety under Qazlal
 12693 | D:9      | Noticed Joseph
 12702 | D:9      | Killed Joseph
 12962 | Lair:1   | Entered Level 1 of the Lair of Beasts
 13834 | Lair:2   | Noticed a five-headed hydra
 13852 | Lair:2   | Killed a five-headed hydra
 13852 | Lair:2   | Reached skill level 14 in Polearms
 14263 | Lair:2   | Found a shattered altar of Ashenzari.
 14322 | Lair:2   | Reached XP level 12. HP: 92/94 MP: 18/18
 14455 | Lair:2   | Noticed Fannar
 14493 | Lair:2   | Killed Fannar
 15727 | Lair:3   | Noticed a catoblepas
 15733 | Lair:3   | Noticed a catoblepas
 15748 | Lair:2   | Killed a catoblepas
 15957 | Lair:3   | Killed a catoblepas
 15957 | Lair:3   | Reached skill level 1 in Evocations
 16027 | Lair:3   | Reached skill level 10 in Dodging
 16043 | Lair:3   | Noticed a six-headed hydra
 16275 | Lair:3   | Killed a six-headed hydra
 16577 | Lair:2   | Reached skill level 15 in Polearms
 16781 | Lair:3   | Found a staircase to the Snake Pit.
 16790 | Lair:3   | Noticed a death yak
 16791 | Lair:3   | Noticed a death yak
 16794 | Lair:3   | Noticed a death yak
 16811 | Lair:3   | Killed a death yak
 16825 | Lair:3   | Killed a death yak
 16874 | Lair:3   | Shot with an arrow by a centaur

Vault maps used:
D:1:      eino_arrival_druids_welcome, serial_bayou, serial_bayou_pond_e,
          serial_bayou_pond_d, serial_bayou_shore_b, serial_bayou_shore_b
D:2:      first_ration, uniq_robin
D:3:      elyvilon_altar_3
D:4:      nicolae_overflow_crystal_walls, kennysheep_mini,
          minmay_temple_entry_enclosed_plants, serial_shops,
          nicolae_shop_behind_doors
D:5:      grunt_temple_overflow_holy_war, old_standard_altar,
          lemuel_coloured_pillars_altar, hangedman_abyss_or_decor_stabs,
          grunt_decor_resistance, minivault_14, minmay_misc_feat_secret_circle,
          uniq_crazy_yiuf_cottage, uniq_menkaure, uniq_ijyb
D:6:      lemuel_slime, nicolae_ru_awakened_eye, serial_shops,
          nicolae_shop_statue_plus, uniq_edmund, uniq_pikel
D:7:      lemuel_blue_sif_altar, serial_shops, shop, grunt_livestock,
          uniq_prince_ribbit1
D:8:      kennysheep_little_box, nemelex_xobeh_ov_fountains_minmay,
          xom_butterflies, uniq_gastronok
D:9:      minmay_lair_entry_grove, basic_altar, uniq_joseph
Temple:   eino_temple_lava
Lair:2:   dpeg_oklob_gauntlet, basic_altar, serial_bayou_shore_a, uniq_fannar
Lair:3:   minmay_shoals_entry_centaurs, minmay_snake_entry_guardpost_medium,
          grunt_megastairs_2, infiniplex_staircase_pool_2, lemuel_fruit_tree

Skill      XL: |  1  2  3  4  5  6  7  8  9 10 11 12 |
---------------+-------------------------------------+-----
Dodging        | 3 4 5 6 8 9 10 | 10.7
Stealth        | 2 |  2.3
Fighting       | 4 5 |  5.1
Polearms       | 4 5 6 7 9 11 12 14 15 | 15.1
Invocations    | 1 2 4 5 7 8 9 |  9.8
Evocations     | 1 |  1.0

Action                   |  1- 3 |  4- 6 |  7- 9 | 10-12 || total
-------------------------+-------+-------+-------+-------++-------
Melee: Spear             |   145 |   311 |       |       ||   456
       Tailslap          |    16 |    47 |    34 |    99 ||   196
       Trident           |       |    23 |   284 |   675 ||   982
Throw: Throwing net      |       |       |     1 |     1 ||     2
Invok: Upheaval          |       |       |     6 |     6 ||    12
 Abil: Breathe Steam     |       |       |    18 |    38 ||    56
Evoke: Wand              |       |       |       |    13 ||    13
  Use: Scroll            |     8 |     8 |     5 |     5 ||    26
       Potion            |     5 |     3 |     1 |     6 ||    15
 Stab: Sleeping          |     6 |     4 |       |       ||    10
       Distracted        |       |     1 |       |       ||     1
       Held in net/web   |       |       |       |     1 ||     1
  Eat: Chunk             |     3 |     8 |    10 |    19 ||    40
       Ration            |       |       |     2 |     3 ||     5
Armor: Skin              |    32 |    67 |    45 |    96 ||   240
Dodge: Dodged            |    75 |   181 |   156 |   453 ||   865
       Deflected         |       |       |       |     4 ||     4
Block: Other             |       |     1 |    22 |   105 ||   128

Table legend:
 A = Spawn XP
 B = Non-spawn XP
 C = Spawn XP percentage of total XP
 D = Spawn monster count
 E = Non-spawn monster count
 F = Spawn count percentage of total count
 G = Total turns spent on level
                    A         B        C        D         E        F      G
               +---------+---------+-------+---------+---------+-------+---------
         Total |       0 |   33039 |   0.0 |       0 |     307 |   0.0 | 16874
               +---------+---------+-------+---------+---------+-------+---------
           D:1 |       0 |      43 |   0.0 |       0 |      23 |   0.0 |  1094
           D:2 |       0 |      80 |   0.0 |       0 |      22 |   0.0 |   895
           D:3 |       0 |     318 |   0.0 |       0 |      37 |   0.0 |  1570
           D:4 |       0 |     546 |   0.0 |       0 |      19 |   0.0 |  1301
           D:5 |       0 |     360 |   0.0 |       0 |      13 |   0.0 |  1108
           D:6 |       0 |    2774 |   0.0 |       0 |      45 |   0.0 |  2335
           D:7 |       0 |    2129 |   0.0 |       0 |      17 |   0.0 |  1072
           D:8 |       0 |    8054 |   0.0 |       0 |      55 |   0.0 |  2658
           D:9 |       0 |    2170 |   0.0 |       0 |      22 |   0.0 |   842
        Lair:1 |       0 |    2133 |   0.0 |       0 |      11 |   0.0 |  1060
        Lair:2 |       0 |    8186 |   0.0 |       0 |      27 |   0.0 |  2426
        Lair:3 |       0 |    6246 |   0.0 |       0 |      16 |   0.0 |   426
               +---------+---------+-------+---------+---------+-------+---------
